 Dungeon Crawl Stone Soup version 0.27.1-15-g792fb953b9 (webtiles) character file.

Game seed: 16051027609328795779

366 zeram the Covert (level 6, -3/39 HPs)
             Began as an Octopode Brigand on Nov 19, 2021.
             Slain by an ogre (28 damage)
             ... on level 4 of the Dungeon.
             The game lasted 00:05:26 (3433 turns).

zeram the Covert (Octopode Brigand)                 Turns: 3433, Time: 00:05:26

Health: -3/39      AC:  5    Str: 10    XL:     6   Next: 68%
Magic:  6/6        EV: 12    Int: 16    God:
Gold:   112        SH:  0    Dex: 13    Spells: 5/5 levels left

rFire    . . .     SeeInvis .   a - +2 dagger (drain)
rCold    . . .     Faith    .   (no shield)
rNeg     . . .     Spirit   .   (helmet restricted)
rPois    .         Reflect  .   (no amulet)
rElec    .         Harm     .   f - +4 ring of protection
rCorr    .         Rampage  .   (no ring)
Will     .....                  (no ring)
Stlth    +++++.....             (no ring)
HPRegen  0.13/turn              (no ring)
MPRegen  0.10/turn              (no ring)
                                (no ring)
                                (no ring)

@: very slightly contaminated, invisible
A: almost no armour, amphibious, 8 rings, camouflage 1, gelatinous body 1,
(nimble swimmer 1), tentacles
a: no special abilities


You were on level 4 of the Dungeon.
You visited 1 branch of the dungeon, and saw 4 of its levels.

You collected 112 gold pieces.

Inventory:

Hand Weapons
 a - a +2 dagger of draining (weapon)
Missiles
 b - 30 poisoned darts (quivered)
 c - 2 curare-tipped darts
Jewellery
 f - a +4 ring of protection (left tentacle)
Wands
 l - a wand of charming (4)
Scrolls
 d - 2 scrolls of enchant armour
 e - a scroll of torment
 k - a scroll of blinking
Potions
 g - 2 potions of cancellation


   Skills:
 - Level 2.0 Fighting
 - Level 2.0 Short Blades
 - Level 2.0 Throwing
 - Level 1.0 Dodging
 + Level 10.7 Stealth


You had 5 spell levels left.
You didn't know any spells.
Your spell library was empty.

Dungeon Overview and Level Annotations

Branches:
Dungeon (4/15)
 Temple: D:4-7

Altars:

Shops:
D:2 =


Innate Abilities, Weirdness & Mutations

You cannot wear most types of armour.
You are amphibious.
You can wear up to eight rings at the same time.
Your skin changes colour to match your surroundings (Stealth+).
Your rubbery body absorbs attacks. (AC +1, EV +1)
((You are camouflaged near water. (Stealth+)))
You have tentacles for arms and can constrict up to eight enemies at once.


Message History

You hit the jackal.
The jackal is moderately wounded.
You constrict the jackal, but do no damage.
The jackal bites you.
You hit the jackal. You drain the jackal.
You kill the jackal!
You hit the jelly.
Your tentacles burn!
You squeeze the jelly.
The jelly is heavily wounded.
The jelly hits you. The acid corrodes you!
You are splashed with acid!
You hit the jelly but do no damage. You drain the jelly.
Your tentacles burn!
The jelly is severely wounded.
The jelly barely misses you.
You hit the jelly but do no damage.
Your tentacles burn!
The jelly is severely wounded.
The jelly barely misses you.
You hit the jelly but do no damage. You drain the jelly.
You kill the jelly!
You see here a jackal corpse.
Things that are here:
a +0 dagger; 3 stones; a kobold corpse
h - a scroll labelled ZAMNIEDINN You now have 112 gold pieces (gained 10).
As you read the scroll labelled ZAMNIEDINN, it crumbles to dust.
You feel strangely unstable.
It was a scroll of teleportation.
You start resting.
Your surroundings suddenly seem different.
A ball python and an ogre come into view.
You are no longer corroded.
The helpless ball python fails to defend itself.
You spit the ball python like a pig!!!
You kill the ball python!
The ogre shouts!
You fade into invisibility!
The ogre barely misses you.
You are very lightly contaminated with residual magic.
You hit the ogre.
The ogre is lightly wounded.
The ogre hits you with a +0 giant spiked club!!
Ouch! That really hurt!
You die...

'####...(.. .#
...... .# ....
### .# ....
#########...
.# ...
#.........# .#
#.........# .#
#.........# .#
#..O......####
.#
#..@..........
.#
#.........##
.##
#.......†.#
...
#.........#
.##
#.........#
########### .


You could see an ogre.

Vanquished Creatures
  A necrophage (D:4)
  A phantom (D:4)
  A howler monkey (D:4)
  A jelly (D:4)
  5 adders
  2 worms (D:2)
  A dart slug (D:2)
  3 orcs (D:3)
  3 endoplasms
  2 giant cockroaches
  5 goblins
  11 hobgoblins
  9 jackals
  5 quokkas
  6 ball pythons
  4 bats
  3 frilled lizards
  12 kobolds
  A quokka skeleton (D:4)
  5 rats
81 creatures vanquished.

Notes
Turn   | Place    | Note
-------+----------+-------------------------------------------
     0 | D:1      | zeram the Octopode Brigand began the quest for the Orb.
     0 | D:1      | Reached XP level 1. HP: 14/14 MP: 1/1
   202 | D:1      | Reached XP level 2. HP: 16/19 MP: 2/2
   206 | D:1      | Reached skill level 6 in Stealth
   716 | D:1      | Found a faded altar of an unknown god.
   960 | D:2      | Reached XP level 3. HP: 10/24 MP: 3/3
  1216 | D:2      | Reached skill level 7 in Stealth
  1217 | D:2      | Found Agun Nei's Jewellery Shoppe.
  1504 | D:2      | Reached XP level 4. HP: 24/29 MP: 4/4
  1665 | D:2      | Reached skill level 8 in Stealth
  2585 | D:3      | Reached XP level 5. HP: 34/34 MP: 5/5
  2951 | D:4      | Noticed a phantom
  2986 | D:4      | Reached skill level 9 in Stealth
  3010 | D:4      | Killed a phantom
  3011 | D:4      | Reached skill level 10 in Stealth
  3011 | D:4      | Reached XP level 6. HP: 9/39 MP: 6/6
  3300 | D:4      | Noticed a necrophage
  3309 | D:4      | Killed a necrophage
  3433 | D:4      | Slain by an ogre

Illustrated notes

Levels and vault maps discovered:
D:1:      evilmike_arrival_crescent, layout_basic,
          ebering_ecumenical_altar_petrified
D:2:      layout_loops_ring, serial_shops, shop
D:3:      layout_loops_cross, minmay_diced_spiral
D:4:      layout_basic, hangedman_decor_opposing

Skill      XL: |  1  2  3  4  5 |
---------------+----------------+-----
Stealth        | 6 7 8 10 | 10.7
Fighting       | |  2.0
Short Blades   | |  2.0
Throwing       | |  2.0
Dodging        | |  1.0

Action                   |  1- 3 |  4- 6 || total
-------------------------+-------+-------++-------
Melee: Dagger            |    67 |   118 ||   185
       Constrict         |    12 |    19 ||    31
       Tentacles         |     6 |    11 ||    17
  Use: Scroll            |     3 |     9 ||    12
       Potion            |       |     5 ||     5
 Stab: Sleeping          |    12 |    12 ||    24
       Distracted        |       |     1 ||     1
Armor: Skin              |    24 |    33 ||    57
Dodge: Dodged            |    34 |    50 ||    84
